 Dungeon Crawl Stone Soup version 0.31-a0-217-g58bb5d79cf (webtiles) character file.

Game seed: 13345275773972087917

350 Zonian the Caller (level 6, -2/32 HPs)
             Began as a Deep Elf Summoner on July 2, 2023.
             Shot with an arrow by a centaur (8 damage)
             ... on level 4 of the Dungeon.
             The game lasted 00:11:02 (5737 turns).

Zonian the Caller (Deep Elf Summoner)               Turns: 5737, Time: 00:11:03

Health: -2/32      AC:  3    Str:  5    XL:     6   Next: 33%
Magic:  23/25      EV: 13    Int: 22    God:
Gold:   212        SH:  0    Dex: 15    Spells: 6/16 levels left

rFire   . . .        d - +2 short sword (elec)
rCold   + . .        (no shield)
rNeg    . . .        a - +0 robe
rPois   .            (no helmet)
rElec   .            (no cloak)
rCorr   .            l - +0 pair of gloves
SInv    .            (no boots)
Will    .....        (no amulet)
Stlth   +++          r - ring of protection from cold
HPRegen 0.25/turn    u - ring of magical power
MPRegen 0.19/turn

%: no passive effects
@: no status effects
A: no striking features
a: no special abilities


You were on level 4 of the Dungeon.
You visited 1 branch of the dungeon, and saw 4 of its levels.

You collected 212 gold pieces.

Inventory:

Hand Weapons
 d - a +2 short sword of electrocution (weapon)
 i - a +0 dagger
 q - a +0 rapier
Missiles
 z - 5 silver javelins
Armour
 a - a +0 robe (worn)
 l - a +0 pair of gloves (worn)
Magical Staves
 x - a staff of fire
Jewellery
 r - a ring of protection from cold (left hand)
 u - a ring of magical power (right hand)
 y - a ring of flight
Scrolls
 c - a scroll of poison {unknown}
 e - 2 scrolls of fear {unknown}
 g - a scroll of brand weapon {unknown}
 h - a scroll of enchant weapon {unknown}
 k - a scroll of noise {unknown}
 n - a scroll of immolation {unknown}
 o - a scroll of fog {unknown}
 t - a scroll of teleportation {unknown}
 w - a scroll of amnesia
Potions
 b - a potion of magic
 f - a potion of attraction
 m - a potion of cancellation
 p - 4 potions of heal wounds
 s - a potion of brilliance
 v - a potion of enlightenment
 A - a potion of curing
 B - a potion of mutation {unknown}


   Skills:
 - Level 4.0 Dodging
 - Level 4.2 Stealth
 + Level 5.5 Spellcasting
 + Level 5.9 Summonings
 + Level 0.9 Air Magic


You had 6 spell levels left.
You knew the following spells:

 Your Spells              Type           Power      Damage    Failure   Level
a - Summon Small Mammal   Summ           100%       N/A       1%          1
b - Call Imp              Summ           64%        N/A       1%          2
c - Call Canine Familiar  Summ           32%        N/A       2%          3
d - Summon Lightning Spi  Summ/Air       21%        N/A       22%         4

Your spell library contained the following spells:

 Spells                   Type           Power      Damage    Failure   Level
 Summon Guardian Golem    Hex/Summ       19%        N/A       9%          3
 Kiss of Death            Conj/Necr      24%        2d7       10%         1
 Confusing Touch          Hex            6%         N/A       28%         3
 Dispel Undead            Necr           6%         3d8       67%         4


Dungeon Overview and Level Annotations

Branches:
Dungeon (4/15)
 Temple: D:4-7

Altars:

Annotations:
D:4 1 transporter, epsilonplus's ghost, amateur DrHu


Message History

There is an open door here.
You swap places.
The phantom closely misses your hound.
Your hound closely misses the phantom.
Unknown command.
Your hound bites the phantom.
The phantom barely misses your hound.
Your hound barely misses the phantom.
The phantom hits your hound.
The phantom blinks!
Your hound blinks!
Unknown command.
Your hound barely misses the phantom.
Your hound bites the phantom.
The phantom hits your hound.
The phantom blinks!
Your hound blinks!
The arrow hits your hound!
Your hound dies!
Your hound's corpse disappears in a puff of smoke!
There is an open door here.
Casting: Call Canine Familiar (dangerous; 2% risk of failure)
Confirm with . or Enter, or press ? or * to list all spells.
Unknown command.
The centaur shoots an arrow.
The arrow closely misses you.
You hit the phantom. Lightning courses through the phantom!
You destroy the phantom!
The centaur shoots an arrow.
The arrow closely misses your hound. The arrow hits you!
The centaur shoots an arrow.
The arrow barely misses your hound. The arrow hits you!
* * * LOW HITPOINT WARNING * * *
The centaur shoots an arrow.
The arrow closely misses your hound. The arrow misses you.
The centaur shoots an arrow.
The arrow hits your hound!
The centaur shoots an arrow.
The arrow hits your hound!
Your hound dies!
Your hound's corpse disappears in a puff of smoke!
The centaur shoots an arrow.
The arrow hits you.
* * * LOW HITPOINT WARNING * * *
There is an open door here.
You close the door.
The centaur shoots an arrow.
The arrow misses you.
The centaur shoots an arrow.
The arrow barely misses you.
The centaur shoots an arrow.
The arrow hits you!
You die...

# ##
#################### .#
####..@................
###.#
#....##################
.รท..# #....#
.......<...
##..#######....#
#######.###
#..##.....c...# #.# #
#..##.........# # #.# #
#..##......##+###.# #.#
# #...............#.###
#.# #
##.#########..........
#.# #


You could see a centaur.

Vanquished Creatures
  2 phantoms
  An iguana (D:4)
  3 adders
  An ufetubus (D:4)
  A dart slug (D:4)
  An orc (D:4)
  4 bats
  4 endoplasms
  A giant cockroach (D:3)
  4 goblins
  7 hobgoblins
  3 kobolds
  A quokka (D:1)
  5 ball pythons
  5 rats
43 creatures vanquished.

Vanquished Creatures (collateral kills)
  A sleepcap (D:3)
  Robin (D:3)
  3 adders
  A worm (D:3)
  An orc (D:4)
  3 endoplasms
  11 goblins
  2 hobgoblins
  2 quokkas (D:1)
  A bat (D:2)
  3 frilled lizards
  2 kobolds
31 creatures vanquished.

Grand Total: 74 creatures vanquished

Notes
Turn   | Place    | Note
-------+----------+-------------------------------------------
     0 | D:1      | Zonian the Deep Elf Summoner began the quest for the Orb.
     0 | D:1      | Reached XP level 1. HP: 10/10 MP: 6/6
   355 | D:1      | Reached XP level 2. HP: 10/15 MP: 6/8
  1449 | D:2      | Reached XP level 3. HP: 18/19 MP: 10/10
  2779 | D:2      | Reached XP level 4. HP: 24/24 MP: 11/11
  3389 | D:3      | Learned a level 2 spell: Call Imp
  3393 | D:3      | Learned a level 3 spell: Call Canine Familiar
  3893 | D:3      | Noticed Robin
  3897 | D:3      | Reached skill level 5 in Summonings
  3919 | D:3      | Killed Robin
  3934 | D:3      | Reached XP level 5. HP: 12/28 MP: 13/13
  4621 | D:4      | Noticed epsilonplus's ghost (amateur DrHu)
  4621 | D:4      | Found a transporter.
  4860 | D:4      | Noticed a two-headed ogre
  4964 | D:4      | Noticed a phantom
  4997 | D:4      | Noticed an ogre
  5013 | D:4      | Noticed a centaur
  5245 | D:4      | Noticed a phantom
  5266 | D:3      | Killed a phantom
  5267 | D:3      | Reached skill level 5 in Spellcasting
  5267 | D:3      | Reached XP level 6. HP: 7/32 MP: 15/15
  5667 | D:4      | Learned a level 4 spell: Summon Lightning Spire
  5737 | D:4      | Shot with an arrow by a centaur

Illustrated notes

Levels and vault maps discovered:
D:1:      lemuel_arrival_river_ford, layout_basic, minivault_25,
          nicolae_hexahallways, chequers_serial_rivers_micro_a,
          minmay_misc_feat_tower
D:2:      layout_loops_ring, minivault_23, grunt_ministairs_2
D:3:      layout_basic, kennysheep_flooded_box, minmay_misc_feat_doors,
          grunt_decor_cap, uniq_robin
D:4:      layout_basic, serial_undead, serial_undead_e, serial_undead_b,
          serial_undead_e, serial_undead_b, serial_undead_a, serial_undead_d,
          serial_undead_f, gammafunk_ghost_arena, minmay_manual_moon

Skill      XL: |  1  2  3  4  5 |
---------------+----------------+-----
Dodging        | 3 4 |  4.0
Stealth        | 3 4 |  4.2
Spellcasting   | 4 5 |  5.5
Summonings     | 5 |  5.9
Air Magic      | |  0.9

Action                     |  1- 3 |  4- 6 || total
---------------------------+-------+-------++-------
  Melee: Unarmed           |    26 |       ||    26
         Dagger            |    52 |       ||    52
         Punch             |     1 |     1 ||     2
         Short sword       |    36 |    87 ||   123
         Rapier            |     1 |       ||     1
  Throw: Javelin           |       |     1 ||     1
   Cast: Summon Small Mamm |    22 |    14 ||    36
         Call Imp          |       |     2 ||     2
         Call Canine Famil |       |     8 ||     8
    Use: Potion            |     2 |       ||     2
         Scroll            |       |     6 ||     6
   Stab: Sleeping          |     2 |     3 ||     5
         Distracted        |       |     1 ||     1
 Armour: Robe              |    31 |    21 ||    52
  Dodge: Dodged            |   105 |    58 ||   163

Table legend: (Time is in decaauts)
 A = Elapsed time spent in this place.
 B = Non-inter-level travel time spent in this place.
 C = Inter-level travel time spent in this place.
 D = Time resting spent in this place.
 E = Time spent auto-exploring this place.
 F = Levels seen in this place.
 G = Mean time per level.
                   A        B        C        D        E       F      G
               +--------+--------+--------+--------+--------+-----+--------+
         Total |   5742 |   5502 |    240 |   2270 |   2127 |   4 | 1435.5 |
       Dungeon |   5742 |   5502 |    240 |   2270 |   2127 |   4 | 1435.5 |
               +--------+--------+--------+--------+--------+-----+--------+

Top non-repeatable levels by time:
     D:3: 1952 daAuts
     D:2: 1874 daAuts
     D:1: 1375 daAuts
     D:4: 539 daAuts
